 Dungeon Crawl Stone Soup version 0.22.1-2-g9c5b331 (webtiles) character file.

1021 AverageBear the Chopper (level 8, -3/73 HPs)
             Began as a Deep Dwarf Fighter on Dec 11, 2018.
             Was an Initiate of Makhleb.
             Slain by an ogre
             ... wielding a +0 giant club
              (20 damage)
             ... on level 6 of the Dungeon.
             The game lasted 00:07:44 (4128 turns).

AverageBear the Chopper (Deep Dwarf Fighter)        Turns: 4128, Time: 00:07:45

Health: -3/73      AC: 19    Str: 22    XL:     8   Next: 2%
Magic:  8/8        EV:  6    Int:  9    God:    Makhleb [......]
Gold:   415        SH:  9    Dex: 12    Spells: 7/7 levels left

rFire    . . .     SeeInvis .   a - +0 war axe
rCold    . . .     Gourm    .   c - +0 shield
rNeg     . . .     Faith    .   h - +0 plate armour
rPois    +         Spirit   .   (no helmet)
rElec    .         Reflect  .   n - +2 cloak
rCorr    .         Harm     .   (no gloves)
MR       +....                  k - +0 pair of boots
Stlth    ..........             i - amulet of magic regeneration
HPRegen  0.00/turn              m - ring of wizardry
MPRegen  0.36/turn              p - ring of poison resistance

@: non-regenerating
A: damage resistance, heal wounds, iridescent scales 1, sense surroundings 1,
MP-powered wands, no regeneration
a: Heal Wounds, Renounce Religion


You were on level 6 of the Dungeon.
You worshipped Makhleb.
Makhleb was noncommittal.
You were not hungry.

You visited 2 branches of the dungeon, and saw 8 of its levels.

You collected 415 gold pieces.

Inventory:

Hand Weapons
 a - a +0 war axe (weapon)
 l - the +6 dagger "Ostreroll" {pierce, MR+ Int+5}
   (You found it on level 4 of the Dungeon)

   It inflicts extra damage upon your enemies.
   It affects your intelligence (+5).
   It affects your resistance to hostile enchantments.
Armour
 c - a +0 shield (worn)
 h - a +0 plate armour (worn)
 k - a +0 pair of boots (worn)
 n - a +2 cloak (worn)
 r - a +0 pair of boots
Jewellery
 i - an amulet of magic regeneration (around neck)
 m - a ring of wizardry (left hand)
 p - a ring of poison resistance (right hand)
 t - an uncursed ring of wizardry
Wands
 o - a wand of random effects (18)
Scrolls
 v - 3 scrolls of teleportation
 y - a scroll of enchant weapon
Potions
 b - 3 potions of agility
 d - 2 potions of curing
 e - 2 potions of mutation
 g - 2 potions of brilliance
 j - a potion of cancellation
 q - a potion of lignification
 w - 2 potions of haste
Comestibles
 f - 9 rations
 s - 4 chunks of flesh


   Skills:
 + Level 4.8 Fighting
 - Level 6.2 Axes
 - Level 6.1 Armour
 - Level 4.1 Dodging
 - Level 3.2 Shields


You had 7 spell levels left.
You didn't know any spells.
Your spell library was empty.

Dungeon Overview and Level Annotations

Branches:
Dungeon (7/15)             Temple (1/1) D:5

Altars:
Cheibriados
Dithmenos
Elyvilon
Fedhas
Kikubaaqudgha
Makhleb
Nemelex Xobeh
Okawaru
Qazlal
Ru
Trog
Uskayaw
Vehumet
Wu Jian
Xom
Yredelemnul
Zin
The Shining One

Shops:
D:6 [


Innate Abilities, Weirdness & Mutations

You are resistant to damage.
You can heal yourself by infusing magical energy.
You passively map a small area around you.
You do not regenerate.
You are partially covered in iridescent scales. (AC +2)
You expend magic power (3 MP) to strengthen your wands.


Message History

The iguana bites you. You block the iguana's attack.
You slash the iguana!
You kill the iguana!
Makhleb accepts your kill.
You have reached level 8!
You feel stronger.
You hear a distant slurping noise.
Found a short sword.
You see here an iguana corpse.
You butcher the iguana corpse.
s - 4 chunks of flesh (gained 1)
You open the door.
An ogre comes into view. It is wielding a giant club.
Found a scroll labeled UMUAZU QUFA.
Found Irarucud's Armour Emporium.
Found a stone staircase leading down.
There is an open door here.
You slash the ogre!
The ogre is heavily wounded.
The ogre hits you with a giant club!!
You die...

##.....##.....# ,
#.....##.....#.....# ,,
***#.....##....##....⌠.
, ,
#.....##...)##.....∩
#............#.....⌠.
+............#....... ,
##.....##....#>?..... ,
, **.....##....#.......
, , .... #.....@O......
... #.....#....... ,,
......#....##......*
.....######*...... *
####.* ..... , # * *
,..... , .... , ...# *
* *


You could see an ogre.

Vanquished Creatures
  Menkaure (D:7)
  An ice beast (D:3)
  An ogre (D:6)
  A bullfrog (D:7)
  A scorpion (D:4)
  A bullfrog zombie (D:4)
  A hound (D:4)
  4 orc wizards
  2 bullfrog skeletons (D:4)
  Crazy Yiuf (D:3)
  A jelly (D:6)
  An iguana (D:6)
  4 worker ants
  A hound skeleton (D:5)
  4 gnolls (D:3)
  6 adders
  An ooze (D:1)
  A worm (D:2)
  2 dart slugs (D:1)
  2 leopard geckos
  8 orcs
  3 giant cockroaches (D:1)
  6 goblins
  9 hobgoblins
  7 jackals
  4 quokkas
  3 ball pythons
  8 bats
  8 frilled lizards
  5 kobolds
  A leopard gecko skeleton (D:4)
  10 rats
109 creatures vanquished.

Vanquished Creatures (others)
  2 withered plants (D:6)
2 creatures vanquished.

Grand Total: 111 creatures vanquished

Notes
Turn   | Place    | Note
-------+----------+-------------------------------------------
     0 | D:1      | AverageBear the Deep Dwarf Fighter began the quest for the
                  | Orb.
     0 | D:1      | Reached XP level 1. HP: 20/20 MP: 1/1
   230 | D:1      | Reached XP level 2. HP: 27/27 MP: 2/2
   505 | D:1      | Reached XP level 3. HP: 28/33 MP: 3/3
   835 | D:2      | Gained mutation: You expend magic power (3 MP) to
                  | strengthen your wands. [potion of mutation]
   835 | D:2      | Gained mutation: You are partially covered in iridescent
                  | scales. (AC +2) [potion of mutation]
  1397 | D:3      | Reached XP level 4. HP: 34/40 MP: 4/4
  1611 | D:3      | Reached skill level 5 in Axes
  1654 | D:3      | Found a runed door.
  1844 | D:3      | Noticed an ice beast
  1856 | D:3      | Killed an ice beast
  1856 | D:3      | Reached XP level 5. HP: 17/46 MP: 5/5
  2061 | D:3      | Noticed Crazy Yiuf
  2067 | D:3      | Killed Crazy Yiuf
  2116 | D:4      | Reached XP level 6. HP: 29/55 MP: 6/6
  2223 | D:4      | Reached skill level 5 in Armour
  2640 | D:4      | Reached skill level 1 in Dodging
  2649 | D:4      | Got a shimmering ring mail
  2660 | D:4      | Identified the cursed +0 ring mail "Ment" {Int+4 Dex-5}
                  | (You found it on level 4 of the Dungeon)
  2996 | D:4      | Got a transparent dagger
  2997 | D:4      | Identified the +6 dagger "Ostreroll" {pierce, MR+ Int+5}
                  | (You found it on level 4 of the Dungeon)
  3053 | D:4      | Reached XP level 7. HP: 17/61 MP: 7/7
  3262 | D:5      | Entered Level 5 of the Dungeon
  3323 | D:5      | Found a staircase to the Ecumenical Temple.
  3332 | Temple   | Entered the Ecumenical Temple
  3473 | Temple   | Became a worshipper of Makhleb the Destroyer
  3674 | D:5      | You fall through a shaft for 2 floors!
  3709 | D:7      | Noticed Menkaure
  3713 | D:7      | Killed Menkaure
  4107 | D:6      | Reached XP level 8. HP: 17/73 MP: 8/8
  4127 | D:6      | Found Irarucud's Armour Emporium.
  4128 | D:6      | Slain by an ogre

Skill      XL: |  1  2  3  4  5  6  7 |
---------------+----------------------+-----
Axes           | 3 4 6 |  6.2
Armour         | 4 6 |  6.1
Dodging        | 2 4 |  4.1
Fighting       | 4 |  4.8
Shields        | |  3.2

Action                   |  1- 3 |  4- 6 |  7- 9 || total
-------------------------+-------+-------+-------++-------
Melee: War axe           |   157 |   238 |    56 ||   451
       Dagger            |       |    11 |       ||    11
  Use: Scroll            |     2 |     4 |     8 ||    14
       Potion            |     1 |     8 |     3 ||    12
  Eat: Chunk             |     2 |     6 |     3 ||    11
Armor: Scale mail        |    17 |       |       ||    17
       Plate armour      |   121 |   146 |     6 ||   273
       Ring mail         |       |    10 |    37 ||    47
Dodge: Dodged            |    25 |    46 |    32 ||   103
Block: Shield            |   105 |   111 |    35 ||   251
